Unix NetHack Version 3.7.0-80 Work-in-progress - last build Mar 27 2023 11:19:28 (84ec4a96b1085377d1623a66bb533b5851a641e4,branch:master). Game began 2023-03-23 20:19:46, ended 2023-03-27 18:36:16. spontiff, neutral male gnomish Healer ----- |...| ---------- ####....| #...).>...| -------------- ------------ # |.0.| #|^.......| |.............## ##............######....| #|....@d..| |............| # # |...(......|# |...| #|........| |........[...| ## #### |..........|# ---|- #|(.......| |.............###############|..........|## ##### #|........| |............| #|..........| # ## #---------- -------------- #-----.------ # # #%) ########### #### ### # # ### # # # ######## # # ## ########### # # ## #-|------|--# # |.........-# ######0|...<.....| #-.........| ----------- Spontiff the Rhizotomist St:12 Dx:9 Co:18 In:8 Wi:15 Ch:16 Neutral S:378 Dlvl:7 $:5 HP:0(42) Pw:7(7) AC:-9 Xp:1/7 T:8568 Latest messages: The giant ant misses! The giant ant just misses! You already found a monster. Use 'm' prefix to force another search. The giant ant misses! The giant ant misses! The giant ant bites! The giant ant bites! The giant ant misses! The giant ant misses! The giant ant bites! The fox misses! The fox misses! The air crackles around the gnomish wizard. The giant ant misses! The giant ant misses! The fox misses! The gnomish wizard points at you, then curses. The fox misses! The giant ant bites! The giant ant misses! The fox bites! The giant ant bites! What do you want to use or apply? [fkoswxzSW or ?*] w In what direction? n The fox is frightened by its reflection. The giant ant misses! The giant ant misses! The giant ant misses! The gnomish wizard points at you, then curses. The giant ant misses! The giant ant bites! The homunculus bites! The giant ant misses! You climb up the stairs. What do you want to use or apply? [fkoswxzSW or ?*] o You produce a strange whistling sound. Your large dog shifts location. You sit on the opulent throne. You feel somehow out of place... You sit on the opulent throne. You are granted an insight! x - a blessed magic lamp (lit). f - an uncursed oilskin sack containing 20 items. You sit on the opulent throne. A voice echoes: "By thine Imperious order, Sire..." What type of monster do you want to genocide? gnome Wiped out all gnomes. Do you want your possessions identified? [ynq] (y) y Do you want to see the dungeon overview? [ynq] (y) y Inventory: Coins $ - 5 gold pieces Armor h - a blessed +1 dwarvish iron helm (being worn) g - an uncursed +1 pair of leather gloves (being worn) v - an uncursed +0 pair of high boots (being worn) r - an uncursed +0 small shield (being worn) q - an uncursed +2 dwarvish cloak (being worn) d - a blessed +0 leather armor (being worn) Comestibles y - an uncursed apple n - an uncursed food ration p - an uncursed tripe ration Potions c - a blessed potion of healing Wands S - an uncursed wand of sleep (0:4) Tools f - an uncursed oilskin sack containing 20 items W - an uncursed frost horn named empty (0:0) z - an uncursed leash x - a blessed magic lamp (lit) o - an uncursed magic whistle w - an uncursed mirror k - an uncursed skeleton key s - an uncursed stethoscope Contents of the oilskin sack: 645 gold pieces an uncursed amulet of ESP a cursed -4 long sword an uncursed +0 pair of water walking boots an uncursed lembas wafer a blessed scroll of blank paper an uncursed scroll of earth an uncursed scroll of magic mapping a blessed scroll of teleportation a blessed spellbook of detect monsters an uncursed ring of levitation an uncursed ring of polymorph control an uncursed wand of digging (0:6) an uncursed wand of speed monster (0:7) an uncursed wand of speed monster (0:2) an uncursed wand of undead turning (0:8) an uncursed agate stone an uncursed citrine stone an uncursed jet stone an uncursed worthless piece of orange glass Spontiff the Healer's attributes: Background: You were a Rhizotomist, a level 1 male gnomish Healer. You were neutral, on a mission for Hermes who was opposed by Athena (lawful) and Poseidon (chaotic). You were in the Dungeons of Doom, on level 7. You entered the dungeon 8568 turns ago. You had 7 experience points, 13 more were needed to attain level 2. Your score was 378 before end-of-game adjustments. Basics: You had 0 out of 42 hit points. You had all 7 energy points (spell power). Your armor class was -9. Your wallet contained 5 zorkmids, and you had 645 more stashed away in your pack. Autopickup was on for '$!/="?' plus thrown, with exceptions. Final Characteristics: Your strength was 12 (limit:18/50). Your dexterity was 9 (limit:18). Your constitution was 18 (limit:18). Your intelligence was 8 (limit:19). Your wisdom was 15 (limit:18). Your charisma was 16 (limit:18). Final Status: You were not hungry. You were unencumbered. You were empty handed. You were unskilled in bare handed combat. Final Attributes: You were piously aligned. You were poison resistant. You had infravision. You had a moderate defense bonus (+7). You were warded. You were fast. You are dead. Miscellaneous: You never encountered a bones level. Total elapsed playing time was 3 hours, 23 minutes and 24 seconds. Major events: Turn 1: spontiff the neutral male gnomish Healer entered the dungeon 1154: found Trollsbane in a shop 2352: entered the Gnomish Mines 5052: reached Mine Town 8568: performed his first genocide (gnomes) 8568: killed by an imperious order Vanquished creatures: 2 small mimics 2 dwarf rulers 3 watchmen 2 leprechauns a gnome ruler 7 bugbears a Mordor orc 2 rock piercers 2 shriekers 5 gnome leaders a gray ooze a giant ant 2 kittens 8 dwarves 3 homunculi a kobold leader a hill orc 2 rothes a centipede 4 dwarf zombies 2 werejackals 4 iguanas 4 acid blobs a coyote 2 gas spores 7 hobbits 4 manes 5 large kobolds 15 hobgoblins 5 giant rats 4 cave spiders 3 brown molds a red mold 20 gnomes 2 gnome zombies 10 geckos 10 jackals 5 foxes 2 kobolds 6 goblins 4 sewer rats 15 grid bugs a bat 10 lichens 2 kobold zombies 18 newts 213 creatures vanquished. Genocided species: gnomes 1 species genocided. Voluntary challenges: You never hit with a wielded weapon. You read items or engraved 2 times. You never engraved Elbereth. You genocided 1 type of monster. You never polymorphed an object. You never changed form. You used no wishes. Achievements: You entered a shop. You entered the Gnomish Mines. You entered Minetown. You entered a temple. The Dungeons of Doom: levels 1 to 8 Level 1: Level 2: "Stashlet" Level 3: A general store. Level 4: A fountain. Stairs down to The Gnomish Mines. Level 5: "vault" A throne, a fountain. Level 6: Level 7: <- You were here. A throne. Final resting place for you, killed by an imperious order. Level 8: The Gnomish Mines: levels 5 to 8 Level 5: "magic trap" Level 6: Level 7: Many shops, a temple, many fountains. Level 8: Game over: ---------- / \ / REST \ / IN \ / PEACE \ / \ | spontiff | | 650 Au | | killed by an | | imperious order | | | | | | 2023 | *| * * * | * _________)/\\_//(\/(/\)/\//\/|_)_______ Goodbye spontiff the Healer... You were genocided in The Dungeons of Doom on dungeon level 7 with 378 points, and 650 pieces of gold, after 8568 moves. You were level 1 with a maximum of 42 hit points when you were genocided.